 Dungeon Crawl Stone Soup version 0.17.1-2-g5865329 (webtiles) character file.

91 Rookster the Chopper (level 4, -10/38 HPs)
             Began as a Minotaur Gladiator on Feb 10, 2016.
             Mangled by a crocodile (13 damage)
             ... in a sewer.
             The game lasted 00:08:54 (1736 turns).

Rookster the Chopper (Minotaur Gladiator)           Turns: 1736, Time: 00:08:54

Health: -10/38     AC:  5    Str: 26    XL:     4   Next: 33%
Magic:  3/3        EV: 12    Int:  5    God:
Gold:   112        SH:  0    Dex: 11    Spells: 0 memorised, 3 levels left

rFire  . . .     SeeInvis .     a - +0 war axe
rCold  . . .     Clarity  .     f - +0 ring mail
rNeg   . . .     SustAt   .     (no shield)
rPois  .         Gourm    .     c - +0 hat
rElec  .         Spirit   .     (no cloak)
rCorr  .         Warding  .     (no gloves)
rMut   .         Stasis   .     (no boots)
MR     .....                    (no amulet)
Stlth  +.........               (no ring)
                                g - +6 ring of strength

@: drained, not resistant to hostile enchantments, very unstealthy
A: retaliatory headbutt, horns 2
a: no special abilities


You were in a sewer.
You were not hungry.

You visited 1 branch of the dungeon, and saw 3 of its levels.
You also visited: Sewer.

You collected 112 gold pieces.

Inventory:

Hand Weapons
 a - a +0 war axe (weapon)
 k - a +1 mace of draining
Missiles
 d - 4 throwing nets (quivered)
Armour
 b - a +0 leather armour
 c - a +0 hat (worn)
 f - a +0 ring mail (worn)
 j - a +0 scale mail
Jewellery
 g - a +6 ring of strength (left hand)
Scrolls
 l - a scroll of teleportation
Potions
 h - a potion of brilliance {unknown}
 i - 2 potions of curing
 m - a potion of poison {unknown}
Comestibles
 e - 3 bread rations


   Skills:
 + Level 3.2(3.0) Fighting
 + Level 4.6(4.4) Axes
 + Level 2.1(1.9) Throwing
 + Level 2.2(2.0) Armour
 + Level 3.9(3.7) Dodging


You had 3 spell levels left.
You didn't know any spells.

Dungeon Overview and Level Annotations

Branches:
Dungeon (4/15)
 Temple: D:4-7

Altars:
Vehumet


Innate Abilities, Weirdness & Mutations

You reflexively headbutt those who attack you in melee.
You have a pair of horns on your head.


Message History

The bat hits you but does no damage.
You slash the bat!
You kill the bat!
No target in view!
Drink which item? (? for menu, Esc to quit)
Okay, then.
Eat which item? (? for menu, Esc to quit)
You continue eating. x2
You finish eating.
That bread ration really hit the spot!
A crocodile comes into view.
Found 18 arrows and 17 gold pieces.
The crocodile barely misses you.
Found 12 arrows, 35 gold pieces and a metallic sapphire potion.
You barely miss the crocodile. Your headbutt misses the crocodile.
The crocodile closely misses you. The crocodile misses you.
You barely miss the crocodile. The crocodile bites you!
* * * LOW HITPOINT WARNING * * *
You are too injured to fight recklessly!
The crocodile bites you!
You die...

#.......# #.......#
#.......# #.....#
#.# ####### #.#
##.....## #.#
##...≈...##
#t#######...≈≈≈...#
#.@........≈≈≈≈≈.∩.
#.#######...≈≈≈††.#
#.# ##...≈...## #.#
##.....## #.#
####### #.# #.# #.#


You could see a crocodile.

Vanquished Creatures
  2 adders (D:4)
  An ooze (D:2)
  3 worms (D:4)
  3 giant geckos (D:1)
  5 orcs (D:4)
  7 giant cockroaches
  2 hobgoblins (D:2)
  2 jackals (D:2)
  8 kobolds
  2 ball pythons (D:2)
  11 bats
  4 giant newts
  2 goblins (D:1)
  3 rats
55 creatures vanquished.

Notes
Turn   | Place    | Note
--------------------------------------------------------------
     0 | D:1      | Rookster the Minotaur Gladiator began the quest for the Orb.
     0 | D:1      | Reached XP level 1. HP: 18/18 MP: 0/0
   109 | D:1      | You fall through a shaft!
   275 | D:1      | Reached XP level 2. HP: 25/25 MP: 1/1
   367 | D:1      | Reached skill level 4 in Axes
   845 | D:1      | Reached skill level 1 in Armour
  1376 | D:2      | Reached XP level 3. HP: 22/30 MP: 2/2
  1547 | D:2      | You fall through a shaft for 2 floors!
  1596 | D:4      | Found a radiant altar of Vehumet.
  1671 | D:4      | Reached XP level 4. HP: 12/38 MP: 3/3
  1684 | D:4      | Found a glowing drain.
  1692 | Sewer    | Entered a sewer
  1726 | Sewer    | Noticed a crocodile
  1736 | Sewer    | Mangled by a crocodile

Action                   |  1- 3 |  4- 6 || total
-------------------------+-------+-------++-------
Melee: War axe           |    72 |    15 ||    87
  Use: Scroll            |     6 |       ||     6
       Potion            |       |     1 ||     1
  Eat: Chunk             |     2 |       ||     2
       Bread ration      |       |     1 ||     1
